AoeStats
← Cinnamoroll

Socotra

506521699Analyzed
4v4 RM · 18d ago on Sep 13, 2026· 33m 29s· 8 players
Game mode
Random Map
Map size
148×148
Population
200
Speed
Normal
Resources
Standard
Victory
Conquest
Starting age
Dark Age
Ending age
Imperial Age
RankedLock teamsTeams togetherTeam positionsShared explorationLock speedFull tech treeHidden civsTurbo modeCheats
Victory
Defeat
🇦🇷 Ethiopians · Argentina
1524
+12
🇨🇦 Spanish · Canada
1516
+12
🇦🇷 Chinese · Argentina
1460
+14
🇨🇱 Jurchens · Chile
1397
+17
🇧🇷 Koreans · Brazil
1455
-15
🇺🇸 Maya · United States
1441
-14
🇦🇷 Khmer · Argentina
1423
-14
🇦🇷 Burgundians · Argentina
1381
-12
mikeymazko
0:32 Loom
9:30 Feudal Age
10:15 Double-Bit Axe
12:34 Fletching
16:26 Padded Archer Armor
19:27 Horse Collar
25:33 Castle Age
24:28 Gold Mining
25:34 Crossbowman
26:12 Bodkin Arrow
26:40 Bow Saw
27:33 Heavy Plow
28:12 Leather Archer Armor
29:09 Wheelbarrow
29:40 Ballistics
31:01 Elite Skirmisher
[BadStart] The Shadow
7:02 Loom
9:21 Feudal Age
9:50 Double-Bit Axe
10:03 Horse Collar
15:59 Scale Barding Armor
17:30 Forging
22:04 Castle Age
20:10 Gold Mining
21:03 Bloodlines
22:06 Light Cavalry
23:08 Chain Barding Armor
23:01 Bow Saw
28:38 Husbandry
31:30 Gold Shaft Mining
32:28 Iron Casting
[ GG ] SHAKA
1:17 Loom
10:01 Feudal Age
25:01 Horse Collar
29:20 Castle Age
27:27 Double-Bit Axe
28:31 Gold Mining
29:06 Stone Mining
30:32 Bow Saw
30:09 Crossbowman
NahuXeneize
3:31 Double-Bit Axe
7:02 Loom
9:22 Feudal Age
8:15 Horse Collar
10:18 Bow Saw
18:22 Wheelbarrow
17:55 Scale Barding Armor
25:18 Castle Age
24:16 Forging
24:07 Gold Mining
24:28 Heavy Plow
25:33 Cavalier
26:14 Husbandry
26:37 Chain Barding Armor
26:56 Hand Cart
Cinnamoroll
6:55 Loom
9:26 Feudal Age
10:12 Double-Bit Axe
10:17 Horse Collar
17:43 Scale Barding Armor
23:21 Castle Age
21:42 Bloodlines
21:42 Gold Mining
22:21 Forging
24:28 Chain Barding Armor
23:34 Light Cavalry
25:02 Sanctity
25:45 Fervor
25:51 Husbandry
27:18 Bow Saw
29:05 Wheelbarrow
31:04 Redemption
Dino_Mate
6:26 Loom
9:16 Feudal Age
9:43 Double-Bit Axe
12:29 Fletching
13:21 Padded Archer Armor
20:32 Castle Age
18:36 Horse Collar
19:14 Gold Mining
21:16 Bodkin Arrow
21:44 Bow Saw
21:01 Crossbowman
22:57 Ballistics
24:01 Leather Archer Armor
24:11 Thumb Ring
J.AVI
0:26 Loom
8:57 Feudal Age
15:03 Fletching
18:17 Horse Collar
25:31 Castle Age
24:55 Padded Archer Armor
27:24 Gold Mining
27:50 Crossbowman
29:54 Bodkin Arrow
32:16 Wheelbarrow
32:14 Ballistics
33:31 Thumb Ring
JotaPex
7:32 Loom
9:23 Feudal Age
17:19 Scale Barding Armor
20:04 Arson
26:21 Castle Age
24:41 Forging
24:26 Gold Mining
24:18 Horse Collar
25:28 Bloodlines
25:55 Double-Bit Axe
26:24 Light Cavalry
27:06 Husbandry
28:00 Chain Barding Armor
31:07 Scale Mail Armor
33:20 Iron Casting
Connection lost

Rejoining the realm…

Still unreachable

The connection could not be restored.

Session expired

The server has moved on; the page needs a fresh start.